 Dungeon Crawl Stone Soup version 0.27-a0-148-g9515ab555c (webtiles) character file.

Game seed: 13208024320235608192

6865 sahdkjhfkaj the Grappler (level 10, -12/91 HPs)
             Began as a Minotaur Artificer on Jan 26, 2021.
             Was a High Priest of Cheibriados.
             Killed by the air
             ... invoked by Gastronok
              (29 damage)
             ... on level 9 of the Dungeon.
             The game lasted 00:16:56 (9464 turns).

sahdkjhfkaj the Grappler (Minotaur Artificer)       Turns: 9464, Time: 00:16:57

Health: -12/91     AC:  7    Str: 36    XL:     10   Next: 78%
Magic:  23/23      EV: 15    Int: 20    God:    Cheibriados [*****.]
Gold:   1263       SH: 16    Dex: 27    Spells: 9/9 levels left

rFire    . . .     SeeInvis .     - Unarmed
rCold    + . .     Faith    .   y - +0 tower shield
rNeg     . . .     Spirit   .   x - +1 scale mail "Yhaf" {rC+ MP+9 Str-2 Dex+4}
rPois    +         Reflect  .   F - +0 hat of Xyjobour {Slay+3}
rElec    .         Harm     .   (no cloak)
rCorr    .         Rampage  .   (no gloves)
Will     .....                  (no boots)
Stlth    +.........             (no amulet)
HPRegen  0.25/turn              p - +6 ring of strength
MPRegen  0.18/turn              v - ring of poison resistance

@: about to teleport, very slightly contaminated, invisible, very slow
A: retaliatory headbutt, horns 2
a: Renounce Religion, Bend Time, Temporal Distortion, Slouch, Step From Time


You were on level 9 of the Dungeon.
You worshipped Cheibriados.
Cheibriados was extremely pleased with you.
You visited 2 branches of the dungeon, and saw 10 of its levels.

You collected 1263 gold pieces.

Inventory:

Armour
 x - the +1 scale mail "Yhaf" (worn) {rC+ MP+9 Str-2 Dex+4}
   (You found it on level 5 of the Dungeon)

   It affects your strength (-2).
   It affects your dexterity (+4).
   It protects you from cold.
   It affects your magic capacity (+9).
 y - a +0 tower shield (worn)
 F - the +0 hat of Xyjobour (worn) {Slay+3}
   (You acquired it on level 8 of the Dungeon)

   It affects your accuracy and damage with ranged weapons and melee attacks
   (+3).
Jewellery
 h - an uncursed ring of protection from cold
 m - an uncursed ring of positive energy
 o - an uncursed ring of fire
 p - a +6 ring of strength (left hand)
 v - a ring of poison resistance (right hand)
Wands
 a - a wand of iceblast (3)
 c - a wand of flame (4) (quivered)
 d - a wand of enslavement (17)
 e - a wand of random effects (14)
 u - a wand of acid (7)
Scrolls
 b - a scroll of teleportation {!r}
 f - a scroll of identify
 g - a scroll of noise
 l - 4 scrolls of remove curse
 q - 2 scrolls of fear
 r - 4 scrolls of magic mapping
 B - 2 scrolls of enchant weapon
 C - 2 scrolls of fog
 G - a scroll of enchant armour {unknown}
Potions
 i - a potion of haste
 j - 2 potions of brilliance
 k - a potion of magic {unknown}
 n - a potion of invisibility
 s - a potion of berserk rage {unknown}
 t - a potion of flight {unknown}
 w - 2 potions of lignification {unknown}
 z - 4 potions of mutation
 A - 2 potions of curing {unknown}
 D - 2 potions of might {unknown}
 E - a potion of heal wounds


   Skills:
 + Level 9.1 Fighting
 - Level 2.4 Armour
 - Level 9.0 Dodging
 - Level 0.7 Stealth
 - Level 11.0 Unarmed Combat
 - Level 7.0 Invocations
 - Level 2.6 Evocations


You had 9 spell levels left.
You didn't know any spells.
Your spell library contained the following spells:

 Spells                   Type           Power        Failure   Level
 Animate Skeleton         Necr           0%           100%        1
 Pain                     Necr           0%           100%        1
 Vampiric Draining        Necr           0%           100%        3
 Animate Dead             Necr           0%           100%        4
 Agony                    Necr           0%           100%        5


Dungeon Overview and Level Annotations

Branches:
Dungeon (9/15)             Temple (1/1) D:5            Lair (0/6) D:8
    Orc: D:9-12

Altars:
Ashenzari
Cheibriados
Dithmenos
Elyvilon
Fedhas
Gozag
Hepliaklqana
Kikubaaqudgha
Makhleb
Nemelex Xobeh
Okawaru
Qazlal
Ru
Sif Muna
Trog
Uskayaw
Vehumet
Wu Jian
Xom
Yredelemnul
Zin

Shops:
D:4 }   D:7 ([

Annotations:
D:3 3 runed translucent doors, Dittersdorf's ghost, amateur MfFi; bande's ghost, amateur GrFi; chromaticdragonking's ghost, amateur DsGl
D:9 Gastronok


Innate Abilities, Weirdness & Mutations

You reflexively headbutt those who attack you in melee.
You have a pair of horns on your head.


Message History

You headbutt the orc wizard.
You kill the orc wizard!
Cheibriados thoroughly appreciates the change of pace.
You block the orc priest's attack.
Training target 7.0 for Invocations reached!
Your Invocations skill increases to level 7!
You need to enable at least one skill for training.
You catch the helpless orc priest completely off-guard!
You punch the orc priest!
You kill the orc priest!
Cheibriados appreciates the change of pace.
Unknown command.
Okay, then.
Really read
b - 2 scrolls of teleportation {!r}?
As you read the scroll of teleportation {!r}, it crumbles to dust.
You feel strangely unstable.
Gastronok mumbles some strange words.
Gastronok puts on a burst of speed!
Gastronok waves his eye-stalks in wide circles.
You die...

...........$.
............
...........
..........
.........#
......w))#
......†..##
#####$†..$#
#....@+
#.....# #..#
#.....# #..#
#....## +#
#..#
#.....##..#
#..#
#..........
#..#
#..........
####..#
#.....#.....
#.....#
#.....######


You could see Gastronok (swift).

Vanquished Creatures
  Erica (D:7)
  Pikel (D:5)
  Maggie (D:6)
  Grinder (D:6)
  2 yaks (D:8)
  A wyvern (D:8)
  Menkaure (D:5)
  Duvessa (D:6)
  3 water moccasins (D:8)
  5 orc warriors
  An ice beast (D:8)
  2 black bears (D:8)
  9 ogres
  3 phantoms (D:8)
  A necrophage (D:8)
  2 centaurs (D:8)
  Blork the orc (D:6)
  6 bullfrogs
  A water moccasin skeleton (D:5)
  4 wights (D:7)
  10 killer bees
  2 howler monkeys
  A jelly (D:5)
  A gnoll shaman (D:6)
  2 hounds (D:4)
  7 orc priests
  2 bullfrog skeletons
  2 centaur skeletons
  4 iguanas
  7 orc wizards
  2 worker ants (D:8)
  9 gnolls
  10 adders
  2 shadow imps
  An ufetubus (D:7)
  4 worms
  5 leopard geckos
  54 orcs
  5 giant cockroaches
  5 goblins
  7 hobgoblins
  10 jackals
  8 kobolds
  2 quokkas
  5 bats
  2 frilled lizards
  A giant cockroach zombie (D:5)
  A goblin skeleton (D:9)
  A goblin zombie (D:9)
  A kobold skeleton (D:9)
  A leopard gecko skeleton (D:8)
  An orc zombie (D:9)
  8 rats
230 creatures vanquished.

Vanquished Creatures (collateral kills)
  Dowan (D:6)
  An orc (D:6)
2 creatures vanquished.

Vanquished Creatures (others)
  An orc (D:9)
  64 fungi (D:8)
  39 plants (D:8)
104 creatures vanquished.

Grand Total: 336 creatures vanquished

Notes
Turn   | Place    | Note
-------+----------+-------------------------------------------
     0 | D:1      | sahdkjhfkaj the Minotaur Artificer began the quest for the
                  | Orb.
     0 | D:1      | Reached XP level 1. HP: 16/16 MP: 0/0
   305 | D:1      | Reached XP level 2. HP: 24/25 MP: 1/1
   939 | D:2      | Found a sacrificial altar of Ru.
   989 | D:2      | Reached XP level 3. HP: 12/31 MP: 2/2
  1752 | D:2      | Found a hide-covered altar of Uskayaw.
  1907 | D:3      | Found a basalt altar of Yredelemnul.
  2024 | D:3      | Found a runed translucent gate.
  2025 | D:3      | Found a runed translucent gate.
  2025 | D:3      | Found a runed translucent gate.
  2025 | D:3      | Noticed bande's ghost (amateur GrFi)
  2025 | D:3      | Noticed Dittersdorf's ghost (amateur MfFi)
  2025 | D:3      | Noticed chromaticdragonking's ghost (amateur DsGl)
  2055 | D:3      | Reached XP level 4. HP: 32/38 MP: 3/3
  2520 | D:3      | You fall into a shaft and drop 2 floors!
  2520 | D:5      | Entered Level 5 of the Dungeon
  2520 | D:5      | Found a staircase to the Ecumenical Temple.
  2529 | Temple   | Entered the Ecumenical Temple
  2728 | Temple   | Became a worshipper of Cheibriados the Contemplative
  2756 | D:5      | Noticed a lemure
  2757 | D:5      | Noticed a lemure
  2757 | D:5      | Noticed a lemure
  2758 | D:5      | Noticed Pikel
  2758 | D:5      | Noticed a lemure
  2771 | D:4      | Noticed an ogre
  2783 | D:4      | Killed an ogre
  2784 | D:4      | Reached skill level 2 in Unarmed Combat
  2784 | D:4      | Reached skill level 1 in Invocations
  2784 | D:4      | Reached XP level 5. HP: 35/46 MP: 4/4
  2954 | D:4      | Reached skill level 5 in Fighting
  2954 | D:4      | Reached XP level 6. HP: 56/56 MP: 5/5
  3404 | D:4      | Reached * piety under Cheibriados
  3436 | D:4      | Reached skill level 5 in Dodging
  3482 | D:4      | Found Qiofig's Gadget Emporium.
  3641 | D:4      | Found a shimmering blue altar of Sif Muna.
  3646 | D:4      | Found a glowing silver altar of Zin.
  3652 | D:4      | Found an iron altar of Okawaru.
  3653 | D:4      | Found a shadowy altar of Dithmenos.
  3654 | D:4      | Found a bloodstained altar of Trog.
  3696 | D:4      | Reached skill level 3 in Unarmed Combat
  3762 | D:4      | Reached XP level 7. HP: 46/61 MP: 6/6
  3764 | D:4      | Reached skill level 4 in Unarmed Combat
  4444 | D:5      | Reached skill level 5 in Unarmed Combat
  4536 | D:5      | Killed Pikel
  4537 | D:5      | Reached XP level 8. HP: 70/73 MP: 9/9
  4582 | D:5      | Found a white marble altar of Elyvilon.
  4666 | D:5      | Identified a scroll of acquirement
  4667 | D:5      | Acquired 695 gold pieces
  4677 | D:5      | Noticed Menkaure
  4682 | D:5      | Killed Menkaure
  4683 | D:5      | Reached skill level 6 in Unarmed Combat
  4916 | D:5      | Reached ** piety under Cheibriados
  5066 | D:5      | Got a twisted scale mail
  5076 | D:5      | Identified the +1 scale mail "Yhaf" {rC+ MP+9 Str-2 Dex+4}
                  | (You found it on level 5 of the Dungeon)
  5312 | D:6      | Noticed Blork the orc
  5319 | D:6      | Killed Blork the orc
  5320 | D:6      | Reached skill level 7 in Unarmed Combat
  6403 | D:6      | Noticed Dowan
  6404 | D:6      | Noticed Duvessa
  6414 | D:6      | Killed Dowan
  6415 | D:6      | Reached XP level 9. HP: 76/81 MP: 11/11
  6416 | D:6      | Killed Duvessa
  6452 | D:6      | Noticed Grinder
  6462 | D:6      | Paralysed by Grinder for 3 turns
  6492 | D:6      | Killed Grinder
  6882 | D:6      | Noticed Maggie
  6895 | D:6      | Killed Maggie
  6896 | D:6      | Reached skill level 8 in Unarmed Combat
  7177 | D:6      | Found an ornate altar of the Wu Jian Council.
  7276 | D:7      | Found Xantek's Antique Weapon Emporium.
  7287 | D:7      | Found Wamurchuu's Antique Armour Boutique.
  7365 | D:7      | Reached *** piety under Cheibriados
  7382 | D:7      | Reached skill level 9 in Unarmed Combat
  7407 | D:7      | Reached skill level 5 in Invocations
  7872 | D:8      | Acquired the +0 hat of Xyjobour {Slay+3}
  7945 | D:8      | Reached **** piety under Cheibriados
  8039 | D:8      | Reached XP level 10. HP: 79/91 MP: 12/12
  8041 | D:8      | Noticed Erica
  8162 | D:7      | Killed Erica
  8247 | D:8      | Reached skill level 10 in Unarmed Combat
  8347 | D:8      | Found a staircase to the Lair.
  8363 | D:8      | Reached skill level 11 in Unarmed Combat
  8845 | D:8      | Reached ***** piety under Cheibriados
  9216 | D:8      | Found a bloodstained altar of Trog.
  9452 | D:9      | Noticed Gastronok
  9464 | D:9      | Killed from afar by Gastronok

Illustrated notes

Levels and vault maps discovered:
D:1:      co_arrival_random_square_maze, layout_basic
D:2:      layout_rooms, general_overflow_altar, hangedman_ru_absence
D:3:      layout_loops_ring, lemuel_coloured_pillars_altar,
          gammafunk_ghost_cemetery, guppyfry_early_orc_mine
D:4:      layout_basic, minitemple, serial_shops, shop_fountains
D:5:      layout_gridville, lemuel_crystal_altar,
          minmay_temple_entry_drinking_statues, uniq_menkaure, uniq_pikel
D:6:      layout_cave_pods, kennysheep_mini_moat, minmay_misc_feat_five,
          uniq_duvessa, uniq_blork_the_orc, uniq_maggie, uniq_grinder
D:7:      layout_basic, serial_shops, shop, shop
D:8:      layout_cave_pools, due_lair_maze_entry_diamond, special_room
          [special_room_orc], trog_butcher_becter, uniq_erica
D:9:      minmay_distorted_concentric_squares, layout_irregular_city,
          nicolae_tso_besieged_by_evil, nemelex_spade_bored_becter,
          uniq_gastronok
Temple:   minmay_temple_bridge_abc

Skill      XL: |  1  2  3  4  5  6  7  8  9 10 |
---------------+-------------------------------+-----
Fighting       | 2 3 4 5 7 8 9 |  9.1
Dodging        | 2 3 4 5 6 8 9 |  9.0
Unarmed Combat | 2 3 5 7 9 11 | 11.0
Invocations    | 1 3 4 5 7 |  7.0
Armour         | |  2.4
Stealth        | |  0.7
Evocations     | |  2.6

Action                   |  1- 3 |  4- 6 |  7- 9 | 10-12 || total
-------------------------+-------+-------+-------+-------++-------
Melee: Dagger            |   121 |    25 |       |       ||   146
       Headbutt          |    13 |    24 |    86 |    28 ||   151
       Club              |     2 |       |       |       ||     2
       Unarmed           |       |    91 |   253 |   101 ||   445
Invok: Slouch            |       |       |       |     1 ||     1
Evoke: Wand              |     1 |     4 |    19 |     5 ||    29
  Use: Potion            |     5 |     1 |       |     1 ||     7
       Scroll            |       |     2 |    11 |     1 ||    14
 Stab: Invisible         |       |       |       |     4 ||     4
       Distracted        |       |       |       |     1 ||     1
Armor: Leather armour    |    37 |       |       |       ||    37
       Scale mail        |    14 |       |    40 |    13 ||    67
       Plate armour      |    13 |    94 |    29 |       ||   136
Dodge: Dodged            |    72 |    53 |    81 |    55 ||   261
Block: Tower shield      |       |    25 |   214 |   106 ||   345

Table legend: (Time is in decaauts)
 A = Elapsed time spent in this place.
 B = Non-inter-level travel time spent in this place.
 C = Inter-level travel time spent in this place.
 D = Time resting spent in this place.
 E = Time spent auto-exploring this place.
 F = Levels seen in this place.
 G = Mean time per level.
                   A        B        C        D        E       F      G
               +--------+--------+--------+--------+--------+-----+--------+
         Total |  11301 |  10916 |    385 |    211 |   8906 |  10 | 1130.1 |
       Dungeon |  11074 |  10730 |    344 |    211 |   8723 |   9 | 1230.4 |
        Temple |    226 |    186 |     40 |      0 |    183 |   1 |  226.0 |
               +--------+--------+--------+--------+--------+-----+--------+

Top non-repeatable levels by time:
     D:6: 2358 daAuts
     D:8: 1886 daAuts
     D:4: 1620 daAuts
     D:5: 1233 daAuts
     D:2: 1111 daAuts
     D:3: 1077 daAuts
     D:7: 981 daAuts
     D:1: 688 daAuts
  Temple: 226 daAuts
     D:9: 116 daAuts
